 Dungeon Sprint DCSS version 0.28.0-53-g5a82cb258f (webtiles) character file.

Game seed: 5443461485144212188

6500000 Zeld the Intangible (level 27, -36/228 HPs)
             Began as a Djinni Monk on June 6, 2022.
             Was the Champion of Makhleb.
             Annihilated by a large bag of meat
             ... wielding a +9 giant spiked club
              (71 damage)
             ... in the Dungeon (Sprint VIII: "Arena of Blood").
             The game lasted 00:01:57 (65 turns).

Zeld the Intangible (Djinni Monk)                     Turns: 65, Time: 00:01:58

Health: -36/228    AC:  4    Str: 20      XL:     27
Gold:   0          EV: 30    Int: 13 (14) God:    Makhleb [******] SH:  0 Dex: 18

rFire   + + .      SeeInvis .   g - +∞ Axe of Woe
rCold   x . .      Faith    .   (shield currently unavailable)
rNeg    . . .      Spirit   .   a - +0 robe
rPois   ∞          Reflect  .   (no helmet)
rElec   .          Harm     .   (no cloak)
rCorr   .          Rampage  .   (no gloves)
Will    ++...      NoTele   +   (boots unavailable)
Stlth   ++++......              (no amulet)
HPRegen 0.48/turn               (no ring)
MPRegen 0.00/turn               (no ring)

@: flying, slowed, very slow
A: sickness immunity, fire resistance 2, cold vulnerability 1, float, innate
caster, HP casting, extra vitality 1
a: Renounce Religion, Minor Destruction, Lesser Servant of Makhleb, Major
Destruction, Greater Servant of Makhleb


You were in the Dungeon.
You worshipped Makhleb.
Makhleb was exalted by your worship.
You visited 1 branch

Inventory:

Hand Weapons
 g - the +∞ Axe of Woe (weapon)
   (You found it in the Dungeon)
Armour
 a - a +0 robe (worn)
Scrolls
 f - a scroll of blinking
Potions
 b - a potion of curing
 c - a potion of heal wounds
 d - a potion of haste
 e - a potion of berserk rage


   Skills:
 O Level 27 Fighting
 + Level 25.3(27) Short Blades
 + Level 25.3(27) Long Blades
 O Level 27 Axes
 + Level 23.4(27) Maces & Flails
 + Level 23.5(27) Polearms
 + Level 24.0(27) Staves
 + Level 22.3(25.8) Slings
 + Level 22.2 Bows
 + Level 22.2 Crossbows
 + Level 22.2(25.7) Throwing
 + Level 25.7 Armour
 O Level 27 Dodging
 - Level 6.5 Stealth
 + Level 25.7 Shields
 O Level 27 Unarmed Combat
 O Level 27 Spellcasting
 O Level 27 Invocations
 + Level 25.8 Evocations


You had 10 spell levels left.
You knew the following spells:

 Your Spells              Type           Power      Damage    Failure   Level
a - Apportation           Tloc           100%       N/A       0%          1
b - Poisonous Vapours     Pois/Air       100%       N/A       0%          2
c - Call Imp              Summ           73%        N/A       0%          2
d - Animate Dead          Necr           36%        N/A       0%          4
e - Flame Wave            Conj/Fire      73%        2d13      0%          4
f - Alistair's Intoxicat  Tmut/Pois      48%        N/A       0%          5
g - Iron Shot             Conj/Erth      36%        9d7       0%          6
h - Dragon Form           Tmut           36%        N/A       1%          7
i - Ozocubu's Refrigerat  Ice            36%        4d12      1%          7
j - Discord               Hex            36%        N/A       1%          8
k - Orb of Destruction    Conj           36%        9d11      1%          7
l - Summon Horrible Thin  Summ           36%        N/A       1%          8
m - Fire Storm            Conj/Fire      36%        8d9       3%          9
Your spell library was empty.

Dungeon Overview and Level Annotations

Branches:
Dungeon (1/1)

Altars:
Makhleb

Annotations:
D The Captor


Innate Abilities, Weirdness & Mutations

You are immune to sickness and miasma.
You are immune to poison.
Your flesh is very heat resistant. (rF++)
You are vulnerable to cold. (rC-)
You float through the air rather than walking.
You learn spells naturally, not from books.
Your magical power is your life essence.
You have superior vitality. (+4 MHP)


Message History

Unknown command.
Casting: Discord (mildly dangerous; 1% risk of failure)
Confirm with . or Enter, or press ? or * to list all spells.
Attempting to comprehend the unknowable depths of infinity takes a toll on your sanity.
You feel dopey.
You are engulfed in blazing flames.
You resist.
A meat berserker comes into view. It is wielding a +9 battleaxe.
You hear a shout!
The bag of meat hits the bag of meat with a +9 war axe!
The bag of meat hits the accursed with a +9 war axe!!
The bag of meat hits the meat berserker with a +9 war axe!
The bag of meat hits the accursed with a +9 war axe!!!
The bag of meat hits the bag of meat with a +9 war axe!!!
The bag of meat hits something with a +9 war axe!!
The bag of meat hits the accursed with a +9 war axe!!!
The bag of meat hits the meat beast with a +9 war axe!
The bag of meat hits the bag of meat with a +9 war axe!
The bag of meat hits the meat berserker with a +9 war axe!!
The bag of meat hits the bag of meat with a +9 war axe!!
You hear a shout!
The accursed is engulfed in blazing flames.
The accursed hits your large abomination but does no damage.
You hear a shout!
The bag of meat is smitten.
The bag of meat hits the bag of meat with a +9 war axe!!
The bag of meat hits the bag of meat with a +9 war axe.
The tyrant mumbles some strange words.
The tyrant seems to speed up.
You hear a shout!
The bag of meat hits the accursed with a +9 war axe!!!
The bag of meat hits the meat berserker with a +9 war axe!
The bag of meat completely misses the accursed.
The bag of meat completely misses the meat berserker.
The meat berserker hits the bag of meat with a +9 battleaxe!!!
You hear a shout!
The large bag of meat is engulfed in blazing flames.
The large bag of meat hits you with a +9 giant spiked club!!!!
* * * LOW HITPOINT WARNING * * *
The large bag of meat hits you with a +9 giant spiked club!!!
You die...

#.. °...# .#... #...
...# .. §....###...
...###...
...X......###........
.L#........_.).......
#.XXX...#..@))#
...X.XX.#O☼<)_#
#.M.OX)§#X))))#..
#oM.O@X))_)......
.oO..MX○°.###......
)oo2.###.......###..
o).. #..o....# . ...
#.......# ..
...)..... .
...........
..........


You could see 3 accurseds, 2 tentacled monstrosities, a meat beast (fast), a
tyrant (fast), a large bag of meat (inner flame, ally target), 5 large
abominations, The Captor (ally target), 2 meat berserkers, 3 bags of meat, 3
neutral bags of meat and 4 friendly large abominations.

Vanquished Creatures
  2 hell beasts (D)
  2 royal mummies (D)
  2 wraiths (D)
  6 vampire knights (D)
  22 ogres (D)
  6 two-headed ogres (D)
  A lich (D)
  A hydra (D)
  32 orcs (D)
  4 skeletal warriors (D)
78 creatures vanquished.

Vanquished Creatures (collateral kills)
  4 orcs (D)
4 creatures vanquished.

Vanquished Creatures (others)
  A two-headed ogre (D)
  3 orcs (D)
4 creatures vanquished.

Grand Total: 86 creatures vanquished

Notes
Turn   | Place    | Note
-------+----------+-------------------------------------------
     0 | D        | Found the +∞ Axe of Woe
     0 | D        | Zeld the Djinni Monk began the quest for the Orb.
     0 | D        | Reached XP level 1. HP: 20/20 MP: 0/0
     2 | D        | Noticed a meat berserker
     2 | D        | Noticed a meat berserker
     2 | D        | Noticed a bag of meat
     3 | D        | Noticed a bag of meat
     4 | D        | Killed a meat berserker
     4 | D        | Noticed a meat berserker
     4 | D        | Noticed a meat berserker
     5 | D        | Reached XP level 2. HP: 45/45 MP: 0/0
     5 | D        | Reached XP level 3. HP: 50/50 MP: 0/0
     5 | D        | Learned a level 1 spell: Apportation
     5 | D        | Reached XP level 4. HP: 57/57 MP: 0/0
     5 | D        | Reached XP level 5. HP: 62/62 MP: 0/0
     5 | D        | Learned a level 2 spell: Poisonous Vapours
     5 | D        | Reached XP level 6. HP: 69/69 MP: 0/0
     5 | D        | Reached XP level 7. HP: 75/75 MP: 0/0
     5 | D        | Learned a level 2 spell: Call Imp
     5 | D        | Reached XP level 8. HP: 81/81 MP: 0/0
     5 | D        | Reached XP level 9. HP: 86/86 MP: 0/0
     5 | D        | Learned a level 4 spell: Animate Dead
     5 | D        | Reached XP level 10. HP: 93/93 MP: 0/0
     5 | D        | Reached XP level 11. HP: 99/99 MP: 0/0
     5 | D        | Learned a level 4 spell: Flame Wave
     5 | D        | Reached XP level 12. HP: 105/105 MP: 0/0
     5 | D        | Became a worshipper of Makhleb the Destroyer
     5 | D        | Reached * piety under Makhleb
     5 | D        | Reached ** piety under Makhleb
     5 | D        | Noticed a bag of meat
     6 | D        | Killed a meat berserker
     7 | D        | Reached skill level 5 in Spellcasting
     7 | D        | Reached XP level 13. HP: 27/114 MP: 0/0
     7 | D        | Learned a level 5 spell: Alistair's Intoxication
     7 | D        | Killed a meat berserker
     7 | D        | Killed a meat berserker
     7 | D        | Reached *** piety under Makhleb
     7 | D        | Noticed a bag of meat
     8 | D        | Reached skill level 10 in Axes
     8 | D        | Reached XP level 14. HP: 119/126 MP: 0/0
     8 | D        | Reached XP level 15. HP: 124/131 MP: 0/0
     8 | D        | Learned a level 6 spell: Iron Shot
    11 | D        | Reached skill level 10 in Spellcasting
    11 | D        | Noticed a meat berserker
    11 | D        | Noticed a meat berserker
    13 | D        | Noticed a meat berserker
    15 | D        | Killed a meat berserker
    15 | D        | Reached **** piety under Makhleb
    15 | D        | Noticed a large bag of meat
    16 | D        | Reached XP level 16. HP: 106/143 MP: 0/0
    16 | D        | Killed a meat berserker
    16 | D        | Noticed a meat berserker
    17 | D        | Reached XP level 17. HP: 77/152 MP: 0/0
    17 | D        | Learned a level 7 spell: Dragon Form
    17 | D        | Killed a meat berserker
    17 | D        | Reached ***** piety under Makhleb
    17 | D        | Killed a large bag of meat
    17 | D        | Noticed a meat berserker
    18 | D        | Reached skill level 27 in Dodging
    19 | D        | Reached skill level 15 in Spellcasting
    19 | D        | Reached XP level 18. HP: 161/165 MP: 0/0
    19 | D        | Killed a meat berserker
    20 | D        | Reached skill level 27 in Fighting
    20 | D        | Reached ****** piety under Makhleb
    20 | D        | Noticed a large bag of meat
    21 | D        | Reached skill level 27 in Unarmed Combat
    21 | D        | Reached XP level 19. HP: 170/174 MP: 0/0
    21 | D        | Learned a level 7 spell: Ozocubu's Refrigeration
    21 | D        | Noticed a large bag of meat
    21 | D        | Noticed a destroyer
    22 | D        | Killed a meat berserker
    23 | D        | Reached XP level 20. HP: 176/181 MP: 0/0
    23 | D        | Noticed a meat berserker
    24 | D        | Reached skill level 27 in Axes
    25 | D        | Reached skill level 1 in Short Blades
    25 | D        | Reached skill level 1 in Long Blades
    25 | D        | Reached skill level 1 in Staves
    26 | D        | Killed a meat berserker
    27 | D        | Reached skill level 27 in Invocations
    27 | D        | Killed a destroyer
    28 | D        | Reached XP level 21. HP: 187/187 MP: 0/0
    28 | D        | Learned a level 8 spell: Discord
    29 | D        | Killed a large bag of meat
    30 | D        | Reached skill level 27 in Spellcasting
    30 | D        | Killed a large bag of meat
    31 | D        | Reached skill level 5 in Throwing
    31 | D        | Noticed a meat berserker
    31 | D        | Noticed a destroyer
    32 | D        | Noticed a meat berserker
    33 | D        | Noticed a large bag of meat
    34 | D        | Killed a meat berserker
    34 | D        | Killed a destroyer
    34 | D        | Noticed a meat berserker
    35 | D        | Reached XP level 22. HP: 188/194 MP: 0/0
    35 | D        | Killed a meat berserker
    35 | D        | Noticed a meat berserker
    36 | D        | Reached skill level 10 in Short Blades
    36 | D        | Reached skill level 10 in Long Blades
    36 | D        | Reached skill level 10 in Staves
    36 | D        | Reached skill level 10 in Armour
    36 | D        | Reached skill level 10 in Shields
    36 | D        | Reached skill level 10 in Evocations
    36 | D        | Noticed a destroyer
    36 | D        | Noticed a large bag of meat
    36 | D        | Noticed an eight-headed meat hydra
    37 | D        | Killed a destroyer
    38 | D        | Reached skill level 10 in Maces & Flails
    38 | D        | Reached skill level 10 in Polearms
    38 | D        | Reached skill level 10 in Slings
    38 | D        | Reached skill level 10 in Bows
    38 | D        | Reached skill level 10 in Crossbows
    38 | D        | Noticed a meat berserker
    38 | D        | Noticed a meat berserker
    39 | D        | Killed a meat berserker
    39 | D        | Noticed a destroyer
    40 | D        | Reached skill level 10 in Throwing
    40 | D        | Noticed a meat berserker
    40 | D        | Killed a meat berserker
    41 | D        | Reached XP level 23. HP: 74/201 MP: 0/0
    41 | D        | Learned a level 7 spell: Orb of Destruction
    43 | D        | Killed a large bag of meat
    43 | D        | Noticed a large bag of meat
    44 | D        | Noticed an accursed
    46 | D        | Killed a large bag of meat
    47 | D        | Noticed an accursed
    47 | D        | Killed a destroyer
    48 | D        | Reached skill level 15 in Short Blades
    48 | D        | Reached skill level 15 in Long Blades
    48 | D        | Reached skill level 15 in Armour
    48 | D        | Reached skill level 15 in Shields
    48 | D        | Reached skill level 15 in Evocations
    48 | D        | Noticed a destroyer
    50 | D        | Noticed a tyrant
    50 | D        | Noticed a large bag of meat
    52 | D        | Killed a destroyer
    52 | D        | Killed an accursed
    53 | D        | Reached skill level 15 in Slings
    53 | D        | Reached skill level 15 in Bows
    53 | D        | Reached skill level 15 in Crossbows
    53 | D        | Reached XP level 24. HP: 106/208 MP: 0/0
    54 | D        | Reached skill level 15 in Throwing
    54 | D        | Noticed a destroyer
    55 | D        | Reached XP level 25. HP: 186/214 MP: 0/0
    55 | D        | Learned a level 8 spell: Summon Horrible Things
    56 | D        | Killed an accursed
    56 | D        | Killed a large bag of meat
    57 | D        | Noticed a dread
    57 | D        | Killed a dread
    57 | D        | Noticed a dread
    58 | D        | Reached XP level 26. HP: 221/221 MP: 0/0
    58 | D        | Noticed a large bag of meat
    59 | D        | Killed a large bag of meat
    59 | D        | Noticed a meat beast
    59 | D        | Noticed an accursed
    59 | D        | Noticed a tyrant
    59 | D        | Noticed an accursed
    60 | D        | Noticed The Captor
    61 | D        | Noticed a meat beast
    61 | D        | Killed a destroyer
    62 | D        | Killed a tyrant
    62 | D        | Noticed an accursed
    63 | D        | Killed a meat beast
    64 | D        | Reached XP level 27. HP: 100/228 MP: 0/0
    64 | D        | Learned a level 9 spell: Fire Storm
    64 | D        | Killed a dread
    64 | D        | Killed a meat beast
    64 | D        | Noticed a meat beast
    65 | D        | Annihilated by a large bag of meat

Illustrated notes

Levels and vault maps discovered:
D:        meatsprint

Skill      XL: |  1  2  3  4  5  6  7  8  9 10 11 12 13 14 15 16 17 18 19 20 21 22 23 24 25 26 27 |
---------------+----------------------------------------------------------------------------------+-----
Fighting       | 16 18 20 22 23 26 27 | 27.0
Axes           | 4 7 10 12 14 17 21 25 27 | 27.0
Dodging        | 18 20 22 24 25 27 | 27.0
Stealth        | 6 |  6.5
Unarmed Combat | 16 18 20 22 23 25 27 | 27.0
Spellcasting   | 5 9 11 12 15 17 19 26 27 | 27.0
Invocations    | 7 11 14 16 19 22 24 27 | 27.0
Short Blades   | 4 9 13 17 18 21 23 25 | 25.3
Long Blades    | 4 9 12 17 18 21 23 25 | 25.3
Staves         | 4 9 12 16 17 20 22 24 | 24.0
Maces & Flails | 4 9 11 16 17 19 21 23 | 23.4
Polearms       | 4 9 12 16 17 19 21 23 | 23.5
Slings         | 4 8 11 15 16 18 20 22 | 22.3
Bows           | 3 8 11 15 16 18 20 22 | 22.2
Crossbows      | 3 8 11 15 16 18 20 22 | 22.2
Throwing       | 3 8 11 14 16 18 20 22 | 22.2
Armour         | 3 9 12 17 18 21 24 25 | 25.7
Shields        | 3 9 12 17 18 21 24 25 | 25.7
Evocations     | 3 9 13 17 18 21 24 25 | 25.8

Action                   |  1- 3 |  4- 6 |  7- 9 | 10-12 | 13-15 | 16-18 | 19-21 | 22-24 | 25-27 || total
-------------------------+-------+-------+-------+-------+-------+-------+-------+-------+-------++-------
Melee: Executioner's axe |     1 |       |       |     1 |     5 |     5 |     9 |    15 |     9 ||    45
 Cast: Iron Shot         |       |       |       |       |     1 |       |       |       |       ||     1
       Discord           |       |       |       |       |       |       |     2 |       |     1 ||     3
       Orb of Destructio |       |       |       |       |       |       |       |     1 |       ||     1
       Summon Horrible T |       |       |       |       |       |       |       |       |     1 ||     1
Armor: Robe              |       |       |       |       |       |       |       |       |     1 ||     1
Dodge: Dodged            |     1 |       |       |     1 |       |       |     1 |     1 |       ||     4
